 Dungeon Crawl Stone Soup version 0.23.2-40-g277498a (webtiles) character file.

Game seed: 15806075214054892270

142 Fang the Skirmisher (level 5, -1/33 HPs)
             Began as a Gargoyle Berserker on Sept 6, 2019.
             Was a Believer of Trog.
             Killed from afar by Sigmund (7 damage)
             ... with a magic dart
             ... on level 3 of the Dungeon.
             The game lasted 00:02:55 (2041 turns).

Fang the Skirmisher (Gargoyle Berserker)            Turns: 2041, Time: 00:02:55

Health: -1/33      AC:  0    Str: 21    XL:     5   Next: 25%
Magic:  5/5        EV: 20    Int:  8    God:    Trog [**....]
Gold:   150        SH:  0    Dex: 14    Spells: 4/4 levels left

rFire    . . .     SeeInvis .   (weapon currently unavailable)
rCold    . . .     Gourm    .   (shield currently unavailable)
rNeg     + . .     Faith    .   (armour currently unavailable)
rPois    ∞         Spirit   .   (helmet currently unavailable)
rElec    .         Reflect  .   (cloak currently unavailable)
rCorr    .         Harm     .   (gloves currently unavailable)
MR       ++...                  (boots currently unavailable)
Stlth    +.........             (no amulet)
HPRegen  1.11/turn              (ring currently unavailable)
MPRegen  0.09/turn              (ring currently unavailable)

@: bat-form, berserk cooldown, flying, regenerating, slowed, quick
A: tiny, negative energy resistance 1, petrification resistance, rot immunity,
AC +4
a: Berserk, Trog's Hand, Renounce Religion


You were on level 3 of the Dungeon.
You worshipped Trog.
Trog was pleased with you.
You were hungry.
You were in bat-form.
You visited 1 branch of the dungeon, and saw 3 of its levels.

You collected 150 gold pieces.

Inventory:

Hand Weapons
 a - a +0 hand axe (melded)
Armour
 b - a +0 plate armour (melded)
Scrolls
 d - 2 scrolls of identify {unknown}
 e - a scroll of fog {unknown}
 h - a scroll of remove curse {unknown}
 l - a scroll of blinking {unknown}
 m - a scroll of fear {unknown}
Potions
 g - a potion of might {unknown}
 i - a potion of agility {unknown}
 j - a potion of curing {unknown}
 k - a potion of degeneration {unknown}
Comestibles
 c - 5 rations
 f - 3 chunks of flesh


   Skills:
 + Level 4.2 Fighting
 + Level 3.4 Axes
 + Level 3.4 Armour
 + Level 2.5 Dodging


You had 4 spell levels left.
You didn't know any spells.
Your spell library was empty.

Dungeon Overview and Level Annotations

Branches:
Dungeon (3/15)

Altars:
Wu Jian

Annotations:
D:3 Sigmund


Innate Abilities, Weirdness & Mutations

You are resistant to torment.
((Your stone body is resilient. (AC +4)))
You are immune to poison.
You resist negative energy. (rN+)
((You are resistant to electric shocks. (rElec)))
((You can survive without breathing.))
You are immune to petrification.
You are immune to rotting.


Message History

You feel somewhat more hungry.
You hear some strange, mumbled words.
Something tries to affect you, but you resist.
You hear some strange, mumbled words.
A puff of flame appears from out of thin air!
The puff of flame misses you.
You closely miss something. Something hits you!
* * * LOW HITPOINT WARNING * * *
You hear some strange, mumbled words.
A puff of flame appears from out of thin air!
The puff of flame misses you.
You hit something but do no damage.
You feel the effects of Trog's Hand fading.
Something barely misses you.
A magic dart appears from out of thin air!
The magic dart hits you!
* * * LOW HITPOINT WARNING * * *
A magic dart appears from out of thin air!
The magic dart hits you!
You die...

#. #. #. #.
#########. #.
#......##. #.
#......##.
#.#########......##.
#.........#÷.....##.
#..b......'.)....##.
#.........#.#######.
......#.#######.....#
#. #######{#
#####.###. #g# #.#...
..# #.#.## ...# #.#.#
....# #.#.## .....#
###.#...


You could see a goblin.

Vanquished Creatures
  An orc priest (D:3)
  4 adders
  2 oozes
  2 worms
  A dart slug (D:1)
  9 orcs (D:3)
  7 bats
  4 giant cockroaches
  2 hobgoblins
  5 jackals
  6 kobolds
  6 frilled lizards
  2 goblins (D:1)
  4 rats
55 creatures vanquished.

Notes
Turn   | Place    | Note
-------+----------+-------------------------------------------
     0 | D:1      | Fang the Gargoyle Berserker began the quest for the Orb.
     0 | D:1      | Reached XP level 1. HP: 14/14 MP: 1/1
   132 | D:1      | Reached XP level 2. HP: 18/19 MP: 2/2
   725 | D:1      | Reached XP level 3. HP: 23/23 MP: 3/3
  1000 | D:2      | Found an ornate altar of the Wu Jian Council.
  1004 | D:2      | Reached ** piety under Trog
  1097 | D:2      | Reached XP level 4. HP: 26/29 MP: 4/4
  1680 | D:3      | Reached skill level 4 in Fighting
  1735 | D:3      | Reached XP level 5. HP: 22/33 MP: 5/5
  2012 | D:3      | Noticed Sigmund
  2041 | D:3      | Killed from afar by Sigmund

Skill      XL: |  1  2  3  4 |
---------------+-------------+-----
Axes           | 3 |  3.4
Dodging        | 2 |  2.5
Armour         | 3 |  3.4
Fighting       | 4 |  4.2

Action                   |  1- 3 |  4- 6 || total
-------------------------+-------+-------++-------
Melee: Hand axe          |   126 |   101 ||   227
       Unarmed           |       |     4 ||     4
Invok: Berserk           |     1 |     2 ||     3
       Trog's Hand       |       |     1 ||     1
  Eat: Chunk             |     2 |     4 ||     6
Armor: Animal skin       |    33 |       ||    33
       Plate armour      |    61 |    87 ||   148
Dodge: Dodged            |    86 |    44 ||   130
